 Dungeon Crawl Stone Soup version 0.31.0-1-g2c135a008e (webtiles) character file.

Game seed: 597778622596963663

998 qw the Shooter (level 8, -6/58 HPs)
             Began as a Djinni Hunter on Jan 24, 2024.
             Mangled by a wyvern (8 damage)
             ... on level 5 of the Dungeon.
             The game lasted 00:00:14 (3881 turns).

qw the Shooter (Djinni Hunter)                      Turns: 3881, Time: 00:00:14

Health: -6/58      AC:  5    Str: 10    XL:     8   Next: 43%
Gold:   235        EV: 12    Int: 10    God:
                   SH:  0    Dex: 20

rFire   + + +        a - +1 shortbow
rCold   x . .        (shield currently unavailable)
rNeg    . . .        h - +0 ring mail
rPois   inf          c - +0 hat of the Little Devil {Will+}
rElec   .            (no cloak)
rCorr   .            (no gloves)
SInv    .            (boots unavailable)
Will    +....        (no amulet)
Stlth   +            e - ring of protection from fire
HPRegen 0.29/turn    (no ring)
MPRegen 0.00/turn

%: infuse magic (-7 HP)
@: about to teleport, flying
A: sickness immunity, fire resistance 2, cold vulnerability 1, float, innate
caster, HP casting, extra vitality 1
a: no special abilities


You were on level 5 of the Dungeon.
You visited 1 branch of the dungeon, and saw 5 of its levels.

You collected 235 gold pieces.


Innate Abilities, Weirdness & Mutations

You are immune to sickness and miasma.
You are immune to poison.
Your flesh is very heat resistant. (rF++)
You are vulnerable to cold. (rC-)
You float through the air rather than walking.
You learn spells naturally, not from books.
Your magical power is your life essence.
You have superior vitality. (+4 MHP)


   Skills:
 - Level 4.9 Fighting
 + Level 6.9 Ranged Weapons
 - Level 1.0 Armour
 - Level 4.0 Dodging
 - Level 0.7 Stealth


You knew the following spells:

 Your Spells              Type           Power      Damage    Failure   Level
a - Apportation           Tloc           0%         N/A       67%         1
b - Mercury Vapours       Alch/Air       0%         N/A       82%         2
c - Dazzling Flash        Conj/Hex       0%         N/A       96%         3
Your spell library was empty.

Inventory:

Hand Weapons
 a - a +1 shortbow (weapon)
Armour
 c - the +0 hat of the Little Devil (worn) {Will+}
   (You acquired it on level 3 of the Dungeon)

   Will+:     It increases your willpower.
 h - a +0 ring mail (worn)
Jewellery
 d - a ring of protection from fire
 e - a ring of protection from fire (left hand)
Scrolls
 b - 2 scrolls of teleportation
 j - 4 scrolls of identify
Potions
 f - a potion of haste {unknown}
 i - a potion of cancellation
 k - a potion of brilliance {unknown}

Dungeon Overview and Level Annotations

Branches:
Dungeon (5/15)
 Temple: D:4-7

Altars:


Message History

The hound barks!
The hound is heavily wounded.
You shoot an arrow. The arrow hits the hound!
The hound is almost dead.
You shoot an arrow. The arrow hits the hound.
You kill the hound!
You see here a hound corpse.
You see here the +0 chain mail of the Sunfish {Regen+}.
You now have 235 gold pieces (gained 15).
j - 4 scrolls of identify (gained 1)
Items here: %% ( ))) [.
You see here 6 datura-tipped darts.
A wyvern and an orc come into view.
The wyvern hisses angrily.
The orc shouts!
You shoot an arrow. The arrow hits the orc!
The orc is almost dead.
You shoot an arrow. The arrow hits the wyvern!
The wyvern is moderately wounded.
The wyvern bites you.
You shoot an arrow. The arrow closely misses the wyvern.
The wyvern closely misses you. The wyvern bites you!
You shoot an arrow. The arrow barely misses the wyvern.
The wyvern closely misses you. The wyvern misses you.
You shoot an arrow. The arrow closely misses the wyvern.
The wyvern bites you! The wyvern closely misses you.
You shoot an arrow. The arrow hits the wyvern.
The wyvern is moderately wounded.
The wyvern bites you but does no damage.
You shoot an arrow. The arrow closely misses the wyvern.
The wyvern completely misses you. The wyvern bites you!
You shoot an arrow. The arrow barely misses the wyvern.
The wyvern barely misses you. The wyvern bites you!!
3880 ||| READING 3 scrolls of teleportation.
As you read the scroll of teleportation, it crumbles to dust.
You feel strangely unstable. The wyvern misses you.
You shoot an arrow. The arrow hits the wyvern!
The wyvern is severely wounded.
The wyvern completely misses you. The wyvern bites you!
You die...

## ## ... .# #..
.# ..## .# # ...
.# #..#.##.#
#....k..######
#.#@......#
#.#.#####.# #...#
#.#.#####.# #...#
#......##.# #...#
#######
###.##.##.# #...#
#.....#
#.##.##.####...###
#.....#
#.................
#.....#
#.................
#....)#
#.##(#............


You could see a wyvern.

Vanquished Creatures
  Grinder (D:5)
  Sigmund (D:2)
  Edmund (D:5)
  An ice beast (D:5)
  A centaur (D:5)
  A scorpion (D:5)
  A hound (D:5)
  2 orc priests (D:5)
  An iguana (D:4)
  2 orc wizards (D:5)
  8 adders
  2 dart slugs
  A ribbon worm (D:2)
  9 orcs
  2 endoplasms
  3 giant cockroaches
  11 goblins
  7 hobgoblins
  3 jackals (D:2)
  5 kobolds
  4 quokkas
  4 ball pythons
  4 frilled lizards
  4 rats
79 creatures vanquished.

Notes
Turn   | Place    | Note
-------+----------+-------------------------------------------
     0 | D:1      | qw the Djinni Hunter began the quest for the Orb.
     0 | D:1      | Reached XP level 1. HP: 18/18 MP: 0/0
     0 | D:1      | 0 ||| qw: Version: 0.3-a-136-gdd3b4e8
     0 | D:1      | 0 ||| qw: Game counter: 1439
     0 | D:1      | 0 ||| qw: Melee chars always use a shield: true
     0 | D:1      | 0 ||| qw: God list: Okawaru
     0 | D:1      | 0 ||| qw: Allow faded altars: false
     0 | D:1      | 0 ||| qw: Do Orc after clearing Dungeon:15 true
     0 | D:1      | 0 ||| qw: Do second Lair branch before Depths: true
     0 | D:1      | 0 ||| qw: Lair rune preference: random
     0 | D:1      | 0 ||| qw: Goals: Normal
     0 | D:1      | 0 ||| PLANNING D:1-11
    86 | D:1      | Found a faded altar of an unknown god.
   180 | D:1      | Reached XP level 2. HP: 23/23 MP: 0/0
   591 | D:1      | 591 ||| UPGRADING to +0 ring mail.
   601 | D:1      | 601 ||| DROPPING +0 leather armour.
   602 | D:1      | 602 ||| READING 2 scrolls labelled JYSARE KOHA.
   603 | D:1      | 603 ||| READING scroll labelled DICERR WUDETWE.
   603 | D:1      | 603 ||| ENCHANTING +0 shortbow.
   604 | D:1      | 604 ||| DRINKING 2 green potions.
   605 | D:1      | 605 ||| DROPPING scroll of butterflies.
   606 | D:1      | 606 ||| DROPPING potion of attraction.
   607 | D:1      | 607 ||| DROPPING scroll of revelation.
   646 | D:2      | Reached XP level 3. HP: 28/28 MP: 0/0
   646 | D:2      | Learned a level 1 spell: Apportation
   669 | D:2      | Reached skill level 4 in Ranged Weapons
   780 | D:2      | Reached skill level 1 in Armour
   786 | D:2      | Noticed Sigmund
   789 | D:2      | Reached XP level 4. HP: 34/34 MP: 0/0
   794 | D:2      | 794 ||| DRINKING bubbling inky potion.
   804 | D:2      | HP: 8/34 [Sigmund/magic dart (10)]
   810 | D:2      | Killed Sigmund
   811 | D:2      | Reached XP level 5. HP: 10/42 MP: 0/0
   811 | D:2      | Learned a level 2 spell: Mercury Vapours
   811 | D:2      | Reached XP level 6. HP: 12/49 MP: 0/0
  1191 | D:2      | 1191 ||| UPGRADING to ring of protection from fire.
  1192 | D:2      | 1192 ||| DROPPING ring of wizardry.
  1193 | D:2      | 1193 ||| READING 2 scrolls labelled NICEBE TIDU.
  1198 | D:2      | 1198 ||| READING scroll labelled GOICEEBBYPOG.
  1198 | D:2      | 1198 ||| IDENTIFYING scroll labelled BOYTUE WONKEF
  1199 | D:2      | 1199 ||| READING scroll labelled WOOGHE CICOL.
  1200 | D:2      | 1200 ||| DROPPING scroll of vulnerability.
  1613 | D:3      | 1613 ||| FLEEEEING.
  1971 | D:3      | 1971 ||| READING scroll labelled QAERRIRRIY.
  1972 | D:3      | 1972 ||| READING scroll labelled UTUOPS HOMEMN.
  1972 | D:3      | Identified a scroll of acquirement
  1972 | D:3      | 1972 ||| ACQUIRING +0 hat of the Little Devil {Will+}
  1972 | D:3      | Acquired the +0 hat of the Little Devil {Will+}
  1974 | D:3      | 1974 ||| UPGRADING to +0 hat of the Little Devil {Will+}.
  1979 | D:3      | 1979 ||| READING scroll labelled XOAXOGA YLACS.
  2080 | D:3      | 2080 ||| READING scroll labelled VOEKKEMOZU.
  2080 | D:3      | 2080 ||| ENCHANTING +1 shortbow.
  2081 | D:3      | 2081 ||| READING scroll labelled VEGU HIG TOUNTY.
  2204 | D:4      | Found Aneykal's Assorted Antiques.
  2834 | D:4      | 2834 ||| READING scroll of identify.
  2834 | D:4      | 2834 ||| IDENTIFYING orange potion
  2835 | D:4      | 2835 ||| READING scroll labelled IXUSME UKKAGU.
  2862 | D:5      | Entered Level 5 of the Dungeon
  2866 | D:5      | 2866 ||| STAIRDANCE
  2978 | D:5      | 2978 ||| STAIRDANCE
  2997 | D:5      | 2997 ||| RETREEEEATING.
  3008 | D:5      | Reached skill level 5 in Ranged Weapons
  3008 | D:5      | Reached XP level 7. HP: 24/53 MP: 0/0
  3008 | D:5      | Learned a level 3 spell: Dazzling Flash
  3023 | D:5      | HP: 13/53 [something (1)]
  3028 | D:5      | Reached skill level 3 in Dodging
  3195 | D:5      | Noticed Grinder
  3196 | D:5      | Noticed Edmund
  3197 | D:5      | 3197 ||| ZAPPING wand of iceblast (9) at 4,0 (floor).
  3199 | D:5      | 3199 ||| ZAPPING wand of iceblast (8) at 4,0 (floor).
  3200 | D:5      | 3200 ||| ZAPPING wand of iceblast (7) at 3,0 (floor).
  3201 | D:5      | 3201 ||| ZAPPING wand of iceblast (6) at 2,0 (floor).
  3202 | D:5      | 3202 ||| ZAPPING wand of iceblast (5) at 2,0 (Edmund;
                  | floor).
  3204 | D:5      | Killed Edmund
  3205 | D:5      | 3205 ||| ZAPPING wand of iceblast (4) at 2,0 (floor).
  3206 | D:5      | 3206 ||| ZAPPING wand of iceblast (3) at 2,0 (floor).
  3207 | D:5      | 3207 ||| ZAPPING wand of iceblast (2) at 2,0 (Grinder;
                  | floor).
  3212 | D:5      | 3212 ||| ZAPPING wand of iceblast (1) at -3,-1 (Grinder;
                  | floor).
  3214 | D:5      | Killed Grinder
  3215 | D:5      | Reached skill level 6 in Ranged Weapons
  3215 | D:5      | Reached XP level 8. HP: 35/58 MP: 0/0
  3241 | D:5      | HP: 5/58 [ice beast (16)]
  3242 | D:5      | 3242 ||| READING 4 scrolls of teleportation.
  3721 | D:5      | Identified the +0 chain mail of the Sunfish {Regen+}
  3871 | D:5      | Noticed a wyvern
  3879 | D:5      | HP: 1/58 [wyvern (18)]
  3880 | D:5      | 3880 ||| READING 3 scrolls of teleportation.
  3881 | D:5      | Mangled by a wyvern

Levels and vault maps discovered:
D:1:      nicolae_arrival_memento_mori, layout_basic, basic_ecumenical_altar
D:2:      layout_rooms, minmay_tetromino_s2, uniq_sigmund
D:3:      layout_basic, nicolae_kite_square_tiling_tiny, st_stairs_5,
          minmay_between
D:4:      layout_loops_corners, nicolae_stop_n_shop_2
D:5:      layout_loops_cross, uniq_grinder, uniq_edmund, uniq_eustachio

Skill      XL: |  1  2  3  4  5  6  7  8 |
---------------+-------------------------+-----
Ranged Weapons | 4 5 6 |  6.9
Armour         | 1 |  1.0
Fighting       | 4 |  4.9
Dodging        | 3 4 |  4.0
Stealth        | |  0.7

Action                     |  1- 3 |  4- 6 |  7- 9 || total
---------------------------+-------+-------+-------++-------
   Fire: Shortbow          |    59 |   122 |    86 ||   267
  Evoke: Wand              |       |       |     9 ||     9
    Use: Scroll            |     2 |    10 |     2 ||    14
         Potion            |     1 |     1 |       ||     2
 Armour: Leather armour    |     5 |       |       ||     5
         Ring mail         |       |    63 |    49 ||   112
  Dodge: Dodged            |     4 |    55 |    25 ||    84

Table legend:
 A = Non-vault XP
 B = Vault XP
 C = Vault XP percentage of total XP
 D = Non-vault monster count
 E = Vault monster count
 F = Vault count percentage of total count
                 A         B        C        D         E       F
            +---------+---------+-------+---------+---------+-------
      Total |     746 |     681 |  47.7 |      68 |      11 |  13.9
            +---------+---------+-------+---------+---------+-------
        D:1 |      24 |       0 |   0.0 |      15 |       0 |   0.0
        D:2 |      53 |     215 |  80.2 |      16 |       2 |  11.1
        D:3 |      33 |      23 |  41.1 |      12 |       7 |  36.8
        D:4 |      89 |       0 |   0.0 |      10 |       0 |   0.0
        D:5 |     547 |     443 |  44.7 |      15 |       2 |  11.8
            +---------+---------+-------+---------+---------+-------
